TOP OF THE 1ST |
Boston Rebels batting - Pitching for Los Cabos Cartel : RHP Ramón López
|
Pitching: RHP Ramón López
|
|
Batting: LHB Bill Wilson
|
0-0: Ball 1-0: Ball 2-0: Ball 3-0: Base on Balls
|
Batting: LHB Stanley Mullins
|
0-0: Called Strike 0-1: Ground out 3-1 (Groundball, 34) Bill Wilson to second
|
Batting: LHB Ricardo Brandariz
|
0-0: Called Strike 0-1: Foul Ball, location: 2F 0-2: Ball 1-2: SINGLE (Groundball, 4MD) Bill Wilson to third Runner from 3rd tries for Home, SAFE, no throw or cutoff
|
Batting: LHB Lorenzo Flores
|
0-0: Foul Ball, location: 2F 0-1: Swinging Strike 0-2: Strikes out swinging
|
Batting: SHB Javier Villegas
|
0-0: Ball Wild Pitch! Ricardo Brandariz to second 1-0: Foul Ball, location: 2F 1-1: Ball 2-1: Foul Ball, location: 2F 2-2: Fly out, F9 (Flyball, 89D)
|
Top of the 1st over - 1 run(s), 1 hit(s), 0 error(s), 1 left on base; Boston 1 - Los Cabos 0 |
BOTTOM OF THE 1ST |
Los Cabos Cartel batting - Pitching for Boston Rebels : RHP Alberto Bonilla
|
Pitching: RHP Alberto Bonilla
|
|
Batting: RHB Yasuhiro Kobayashi
|
0-0: Ball 1-0: Fly out, F9 (Line Drive, 9M)
|
Batting: LHB José Rivas
|
0-0: Ball 1-0: Called Strike 1-1: Ball 2-1: Ground out 6-3 (Groundball, 6M)
|
Batting: RHB Jesús Hernández
|
0-0: Ball 1-0: Called Strike 1-1: Swinging Strike 1-2: SINGLE (Groundball, 6MD)
|
Pitching: RHP Manuel Jimenen
|
|
Batting: LHB Manny Quiñones
|
0-0: Called Strike 0-1: Foul Ball, location: 2F 0-2: Fly out, F5 (Popup, 6)
|
Bottom of the 1st over - 0 run(s), 1 hit(s), 0 error(s), 1 left on base; Boston 1 - Los Cabos 0 |
TOP OF THE 2ND |
Boston Rebels batting - Pitching for Los Cabos Cartel : RHP Ramón López
|
Batting: RHB Clancy Booker
|
0-0: Swinging Strike 0-1: Called Strike 0-2: SINGLE (Groundball, 34D)
|
Batting: RHB Ronnie Brown
|
0-0: Ball 1-0: DOUBLE (Line Drive, 7M) Clancy Booker to third
|
Batting: LHB Tony Ramírez
|
0-0: Ball 1-0: SINGLE (Line Drive, 56D) Clancy Booker scores Ronnie Brown to third
|
Batting: RHB Rubén Matos
|
0-0: Ball 1-0: Fly out, F9 (Flyball, 89M) Runner from 3rd tags up, SCORES, throw made
|
Batting: LHB Bill Wilson
|
0-0: Ball 1-0: Ball 2-0: Ground out 3-1 (Groundball, 34) Tony Ramírez to second
|
Batting: LHB Stanley Mullins
|
0-0: Ball 1-0: Foul Ball, location: 2F 1-1: Fly out, F6 (Line Drive, 6)
|
Top of the 2nd over - 2 run(s), 3 hit(s), 0 error(s), 1 left on base; Boston 3 - Los Cabos 0 |
BOTTOM OF THE 2ND |
Los Cabos Cartel batting - Pitching for Boston Rebels : RHP Manuel Jimenen
|
Batting: RHB Sam Wallace
|
0-0: Swinging Strike 0-1: Ball 1-1: Swinging Strike 1-2: SINGLE (Line Drive, 8LS)
|
Batting: RHB Wilbert Rodgers
|
0-0: Called Strike 0-1: Ball 1-1: Ball 2-1: Grounds into double play, 6-4-3 (Groundball, 6)
|
Batting: RHB Gerardo Escobedo
|
0-0: SINGLE (Groundball, 6MD)
|
Batting: SHB Edgardo Osorio
|
0-0: Ball 1-0: Ball 2-0: Ball 3-0: Called Strike 3-1: Base on Balls Gerardo Escobedo to second
|
Batting: RHB António Magana
|
0-0: Called Strike 0-1: Foul Ball, location: 2F 0-2: Strikes out looking
|
Bottom of the 2nd over - 0 run(s), 2 hit(s), 0 error(s), 2 left on base; Boston 3 - Los Cabos 0 |
TOP OF THE 3RD |
Boston Rebels batting - Pitching for Los Cabos Cartel : RHP Ramón López
|
Batting: LHB Ricardo Brandariz
|
0-0: Called Strike 0-1: DOUBLE (Line Drive, 8LM)
|
Batting: LHB Lorenzo Flores
|
0-0: Foul Ball, location: 2F 0-1: Ball 1-1: Called Strike 1-2: Strikes out looking
|
Batting: SHB Javier Villegas
|
0-0: Ball 1-0: Swinging Strike 1-1: Ball 2-1: Swinging Strike 2-2: Strikes out swinging
|
Batting: RHB Clancy Booker
|
0-0: DOUBLE (Line Drive, 8RXD) Ricardo Brandariz scores
|
Batting: RHB Ronnie Brown
|
0-0: Called Strike 0-1: Ball 1-1: Ground out 5-3 (Groundball, 5L)
|
Top of the 3rd over - 1 run(s), 2 hit(s), 0 error(s), 1 left on base; Boston 4 - Los Cabos 0 |
BOTTOM OF THE 3RD |
Los Cabos Cartel batting - Pitching for Boston Rebels : RHP Manuel Jimenen
|
Batting: RHB Yasuhiro Kobayashi
|
0-0: Swinging Strike 0-1: Foul Ball, location: 2F 0-2: SINGLE (Groundball, 56D)
|
Batting: LHB José Rivas
|
Balk! Yasuhiro Kobayashi to second 0-0: Foul Ball, location: 2F 0-1: Ball 1-1: Called Strike 1-2: Fly out, F4 (Popup, 4MD)
|
Batting: RHB Jesús Hernández
|
0-0: Ball 1-0: Called Strike 1-1: Foul Ball, location: 2F 1-2: SINGLE (Groundball, 4MD) Yasuhiro Kobayashi to third Runner from 3rd tries for Home, throw and OUT!
|
Batting: LHB Manny Quiñones
|
0-0: Ball 1-0: Called Strike 1-1: Ground out 1-3 (Groundball, 15S)
|
Bottom of the 3rd over - 0 run(s), 2 hit(s), 0 error(s), 1 left on base; Boston 4 - Los Cabos 0 |
TOP OF THE 4TH |
Boston Rebels batting - Pitching for Los Cabos Cartel : RHP Ramón López
|
Batting: LHB Tony Ramírez
|
0-0: Called Strike 0-1: Ball 1-1: Ball 2-1: SINGLE (Flyball, 8LS)
|
Batting: RHB Rubén Matos
|
0-0: Ball 1-0: Grounds into double play, 6-4-3 (Groundball, 6)
|
Batting: LHB Bill Wilson
|
0-0: Ball 1-0: Foul Ball, location: 2F 1-1: Called Strike 1-2: Strikes out looking
|
Top of the 4th over - 0 run(s), 1 hit(s), 0 error(s), 0 left on base; Boston 4 - Los Cabos 0 |
BOTTOM OF THE 4TH |
Los Cabos Cartel batting - Pitching for Boston Rebels : RHP Manuel Jimenen
|
Batting: RHB Sam Wallace
|
0-0: Ball 1-0: Fly out, F8 (Flyball, 8LXD)
|
Batting: RHB Wilbert Rodgers
|
0-0: Ball 1-0: Ball 2-0: Called Strike 2-1: Ground out 6-3 (Groundball, 6M)
|
Batting: RHB Gerardo Escobedo
|
0-0: Fly out, F2 (Popup, 2RF)
|
Bottom of the 4th over - 0 run(s), 0 hit(s), 0 error(s), 0 left on base; Boston 4 - Los Cabos 0 |
TOP OF THE 5TH |
Boston Rebels batting - Pitching for Los Cabos Cartel : RHP Ramón López
|
Pitching: RHP Yajirobei Endo
|
|
Batting: LHB Stanley Mullins
|
0-0: SINGLE (Flyball, 7LS)
|
Batting: LHB Ricardo Brandariz
|
0-0: Called Strike 0-1: Grounds into double play, 6-4-3 (Groundball, 6)
|
Batting: LHB Lorenzo Flores
|
0-0: Ball 1-0: Swinging Strike 1-1: Ground out U3 (Groundball, 3S)
|
Top of the 5th over - 0 run(s), 1 hit(s), 0 error(s), 0 left on base; Boston 4 - Los Cabos 0 |
BOTTOM OF THE 5TH |
Los Cabos Cartel batting - Pitching for Boston Rebels : RHP Manuel Jimenen
|
Batting: SHB Edgardo Osorio
|
0-0: Ball 1-0: Ball 2-0: Ball 3-0: Called Strike 3-1: Foul Ball, location: 2F 3-2: Base on Balls
|
Batting: RHB António Magana
|
0-0: Called Strike 0-1: Ball 1-1: Ball 2-1: Ball 3-1: Called Strike 3-2: Fly out, F8 (Flyball, 8RD)
|
Pitching: RHP Chad Field
|
|
Batting: RHB Yasuhiro Kobayashi
|
0-0: Ball 1-0: Fly out, F7 (Flyball, 78S)
|
Batting: LHB José Rivas
|
0-0: Called Strike 0-1: Ball 1-1: Ball 2-1: Ball 3-1: Foul Ball, location: 2F 3-2: Foul Ball, location: 2F 3-2: Fly out, F4 (Popup, 4MD)
|
Bottom of the 5th over - 0 run(s), 0 hit(s), 0 error(s), 1 left on base; Boston 4 - Los Cabos 0 |
TOP OF THE 6TH |
Boston Rebels batting - Pitching for Los Cabos Cartel : RHP Yajirobei Endo
|
Batting: SHB Javier Villegas
|
0-0: Called Strike 0-1: Foul Ball, location: 2F 0-2: Ball 1-2: Ball 2-2: Ball 3-2: Foul Ball, location: 2F 3-2: Fly out, F8 (Flyball, 8RM)
|
Batting: RHB Clancy Booker
|
0-0: Foul Ball, location: 2F 0-1: Fly out, F9 (Flyball, 9LM)
|
Batting: RHB Ronnie Brown
|
0-0: Ball 1-0: Ball 2-0: Called Strike 2-1: Foul Ball, location: 2F 2-2: Ball 3-2: SINGLE (Groundball, 4MD)
|
Batting: LHB Tony Ramírez
|
0-0: Ball 1-0: DOUBLE (Line Drive, 5L) Ronnie Brown to third Runner from 3rd tries for Home, SAFE, no throw or cutoff
|
Batting: RHB Rubén Matos
|
0-0: Ball 1-0: SINGLE (Groundball, 34D) Tony Ramírez to third Runner from 3rd tries for Home, SAFE, no throw or cutoff
|
Pitching: RHP Pedro Magana
|
|
Batting: LHB Bill Wilson
|
0-0: Ball 1-0: Ball 2-0: Ball 3-0: Called Strike 3-1: Base on Balls Rubén Matos to second
|
Batting: LHB Jeff Gordon
|
0-0: Ball 1-0: Ball 2-0: TRIPLE (Line Drive, 8LD) Rubén Matos scores Bill Wilson scores
|
Batting: LHB Ricardo Brandariz
|
0-0: Ball 1-0: Ball 2-0: Ball 3-0: Called Strike 3-1: Called Strike 3-2: Strikes out swinging
|
Top of the 6th over - 4 run(s), 4 hit(s), 0 error(s), 1 left on base; Boston 8 - Los Cabos 0 |
BOTTOM OF THE 6TH |
Los Cabos Cartel batting - Pitching for Boston Rebels : RHP Chad Field
|
Batting: RHB Jesús Hernández
|
0-0: Ball 1-0: Called Strike 1-1: Ball 2-1: Fly out, F7 (Flyball, 7LM)
|
Batting: LHB Manny Quiñones
|
0-0: Called Strike 0-1: Ball 1-1: Ball 2-1: Swinging Strike 2-2: Strikes out swinging
|
Batting: RHB Sam Wallace
|
0-0: Ground out 2-3 (Groundball, 15S)
|
Bottom of the 6th over - 0 run(s), 0 hit(s), 0 error(s), 0 left on base; Boston 8 - Los Cabos 0 |
TOP OF THE 7TH |
Boston Rebels batting - Pitching for Los Cabos Cartel : RHP Pedro Magana
|
Pinch Hitting: RHB Felipe Olivas
|
0-0: Called Strike 0-1: Foul Ball, location: 2F 0-2: Ball 1-2: Ball 2-2: Foul Ball, location: 2F 2-2: Strikes out swinging
|
Pinch Hitting: RHB Roberto Chávez
|
0-0: Ball 1-0: Swinging Strike 1-1: Ball 2-1: Fly out, F7 (Flyball, 7M)
|
Batting: RHB Clancy Booker
|
0-0: Ball 1-0: SINGLE (Groundball, 56D)
|
Pitching: RHP Pedro Hernández
|
|
Batting: RHB Ronnie Brown
|
0-0: Called Strike 0-1: Ball 1-1: Ball 2-1: Called Strike 2-2: Fly out, F8 (Flyball, 8RS)
|
Top of the 7th over - 0 run(s), 1 hit(s), 0 error(s), 1 left on base; Boston 8 - Los Cabos 0 |
BOTTOM OF THE 7TH |
Los Cabos Cartel batting - Pitching for Boston Rebels : RHP Chad Field
|
Now at 3B: Felipe Olivas
|
|
Batting: RHB Wilbert Rodgers
|
0-0: Ball
|
Now at 2B: Roberto Chávez
|
1-0: Foul Ball, location: 2F 1-1: DOUBLE (Line Drive, 78D)
|
Batting: RHB Gerardo Escobedo
|
0-0: Fly out, F8 (Flyball, 8RM)
|
Pitching: RHP Carlos Ruíz
|
|
Batting: SHB Edgardo Osorio
|
0-0: Called Strike 0-1: Called Strike 0-2: Strikes out swinging
|
Batting: RHB António Magana
|
0-0: Foul Ball, location: 2F 0-1: Called Strike 0-2: Ball 1-2: Ground out 6-3 (Groundball, 6S)
|
Bottom of the 7th over - 0 run(s), 1 hit(s), 0 error(s), 1 left on base; Boston 8 - Los Cabos 0 |
TOP OF THE 8TH |
Boston Rebels batting - Pitching for Los Cabos Cartel : RHP Pedro Hernández
|
Pinch Hitting: RHB Peter Sexton
|
0-0: Foul Ball, location: 2F 0-1: Ball 1-1: Called Strike 1-2: Fly out, F8 (Flyball, 8RM)
|
Batting: RHB Rubén Matos
|
0-0: Called Strike 0-1: Ball 1-1: Called Strike 1-2: Ground out 4-3 (Groundball, 34)
|
Batting: LHB Bill Wilson
|
0-0: Swinging Strike 0-1: SOLO HOME RUN (Flyball, 9LD), Distance : 360 ft
|
Batting: LHB Jeff Gordon
|
0-0: Ball 1-0: Foul Ball, location: 2F 1-1: Ground out 6-3 (Groundball, 6)
|
Top of the 8th over - 1 run(s), 1 hit(s), 0 error(s), 0 left on base; Boston 9 - Los Cabos 0 |
BOTTOM OF THE 8TH |
Los Cabos Cartel batting - Pitching for Boston Rebels : RHP Carlos Ruíz
|
Now at SS: Peter Sexton
|
|
Pinch Hitting: RHB Stephen Wilson
|
0-0: Ball 1-0: Swinging Strike 1-1: Foul Ball, location: 2F 1-2: Ground out 6-3 (Groundball, 6M)
|
Batting: LHB Willie Wallace
|
0-0: Ground out 4-3 (Groundball, 4)
|
Batting: RHB Jesús Hernández
|
0-0: Called Strike 0-1: Ball 1-1: Ball 2-1: Ball 3-1: Swinging Strike 3-2: Fly out, F9 (Flyball, 9M)
|
Bottom of the 8th over - 0 run(s), 0 hit(s), 0 error(s), 0 left on base; Boston 9 - Los Cabos 0 |
TOP OF THE 9TH |
Boston Rebels batting - Pitching for Los Cabos Cartel : RHP Pedro Hernández
|
Now at 2B: Stephen Wilson
|
|
Batting: LHB Ricardo Brandariz
|
0-0: Called Strike 0-1: Foul Ball, location: 2F 0-2: Foul Ball, location: 2F 0-2: Ball 1-2: Ball 2-2: Ball 3-2: Base on Balls
|
Batting: RHB Felipe Olivas
|
0-0: Ball 1-0: Called Strike Ricardo Brandariz steals 2nd base 1-1: Called Strike 1-2: Strikes out looking
|
Batting: RHB Roberto Chávez
|
0-0: Ground out 6-3 (Groundball, 6M) Ricardo Brandariz to third
|
Batting: RHB Clancy Booker
|
0-0: Called Strike 0-1: Swinging Strike 0-2: Strikes out looking
|
Top of the 9th over - 0 run(s), 0 hit(s), 0 error(s), 1 left on base; Boston 9 - Los Cabos 0 |
BOTTOM OF THE 9TH |
Los Cabos Cartel batting - Pitching for Boston Rebels : RHP Carlos Ruíz
|
Pinch Hitting: SHB Julián Madrid
|
0-0: Called Strike 0-1: Foul Ball, location: 2F 0-2: Ball 1-2: Ball 2-2: Ball 3-2: Ground out 1-3 (Groundball, 15)
|
Pinch Hitting: LHB Luis González
|
0-0: Ball 1-0: Ball 2-0: Called Strike 2-1: Ball 3-1: SINGLE (Line Drive, 4D)
|
Pinch Hitting: SHB Rob Grun
|
0-0: Ball 1-0: Called Strike 1-1: Ball 2-1: SINGLE (Flyball, 3D) Luis González to second Runner from 2nd tries for 3rd, SAFE, throw made to third
|
Pinch Hitting: LHB Marc Brown
|
0-0: Ball 1-0: Foul Ball, location: 2F 1-1: Ball 2-1: Ball 3-1: Called Strike 3-2: Foul Ball, location: 2F 3-2: Grounds into double play, 3-6-1 (Groundball, 3)
|
Bottom of the 9th over - 0 run(s), 2 hit(s), 0 error(s), 1 left on base; Boston 9 - Los Cabos 0 |
|